 Dungeon Crawl Stone Soup version 0.30.0-29-ga12c61a403 (webtiles) character file.

Game seed: 4689638047388880586

5506 seaoflcl the Spear-Bearer (level 11, 0/75 HPs)
             Began as a Human Fighter on June 4, 2023.
             Was a Believer of Zin.
             Slain by a six-headed hydra (4 damage)
             ... on level 9 of the Dungeon.
             The game lasted 00:24:09 (7726 turns).

seaoflcl the Spear-Bearer (Human Fighter)           Turns: 7726, Time: 00:24:09

Health: 0/75       AC: 13    Str: 28    XL:     11   Next: 1%
Magic:  13/13      EV:  9    Int: 11    God:    Zin [**....]
Gold:   342        SH:  6    Dex: 14    Spells: 10/10 levels left

rFire   . . .        y - +7 trident "Lafum" {protect, rElec rCorr Int+2}
rCold   . . .        c - +0 buckler
rNeg    . . .        h - +0 chain mail
rPois   ∞            u - +0 helmet
rElec   +            (no cloak)
rCorr   +            o - +0 pair of gloves
SInv    .            (no boots)
Will    .....        (no amulet) Stlth
                     E - +6 ring of strength
HPRegen 0.32/turn    (no ring)
MPRegen 0.13/turn

%: no passive effects
@: vitalised
A: no striking features
a: Renounce Religion, Recite, Vitalisation, Donate Gold


You were on level 9 of the Dungeon.
You worshipped Zin.
Zin was pleased with you.
You visited 2 branches of the dungeon, and saw 10 of its levels.

You collected 403 gold pieces.
You spent 24 gold pieces at shops.
You donated 37 gold pieces to Zin.

Inventory:

Hand Weapons
 a - a +0 long sword
 d - a +5 falchion of freezing
 x - a +4 rapier of distortion
 y - the +7 trident "Lafum" (weapon) {protect, rElec rCorr Int+2}
   (You found it on level 3 of the Dungeon)

   Int:       It affects your intelligence (+2).
   rElec:     It insulates you from electricity.
   rCorr:     It protects you from acid and corrosion.
 C - a +2 short sword of holy wrath
 J - a +3 hand axe of venom
Missiles
 r - 3 javelins (quivered)
 I - 5 boomerangs
 K - a throwing net
Armour
 c - a +0 buckler (worn)
 h - a +0 chain mail (worn)
 o - a +0 pair of gloves (worn)
 u - a +0 helmet (worn)
 B - a scarf of shadows
Jewellery
 E - a +6 ring of strength (left hand)
 L - a ring of fire
 O - a ring of positive energy
Wands
 D - a wand of polymorph (6)
 P - a wand of digging (5)
Scrolls
 b - 2 scrolls of noise
 e - a scroll of fear
 j - 5 scrolls of enchant armour
 k - 5 scrolls of magic mapping
 n - a scroll of amnesia {unknown}
 t - 3 scrolls of poison
 w - a scroll of enchant weapon {unknown}
 F - a scroll of brand weapon {unknown}
 G - a scroll of blinking {unknown}
 M - a scroll of immolation {unknown}
 N - a scroll of identify
Potions
 f - 2 potions of flight
 g - 2 potions of magic {unknown}
 i - 2 potions of mutation
 l - 2 potions of ambrosia
 p - a potion of cancellation
 q - a potion of curing
 v - a potion of brilliance {unknown}
 z - a potion of invisibility {unknown}
 A - 2 potions of berserk rage {unknown}
 H - 5 potions of attraction {unknown}


   Skills:
 - Level 3.0 Fighting
 - Level 3.3 Long Blades
 * Level 10.5 Polearms
 + Level 8.3 Armour
 + Level 8.3 Shields
 + Level 2.8 Invocations


You had 10 spell levels left.
You didn't know any spells.
Your spell library contained the following spells:

 Spells                   Type           Power      Damage    Failure   Level
 Shock                    Conj/Air       0%         1d3       83%         1
 Poisonous Vapours        Pois/Air       0%         N/A       92%         2
 Mephitic Cloud           Conj/Pois/Air  0%         N/A       99%         3
 Swiftness                Air            0%         N/A       99%         3
 Vhi's Electric Charge    Tloc/Air       0%         N/A       99%         3
 Airstrike                Air            0%         2d(0-16)  100%        4
 Arcjolt                  Conj/Air       0%         1d10      100%        5
 Freezing Cloud           Conj/Ice/Air   0%         6-21      100%        5
 Plasma Beam              Fire/Air       0%         2x1d11    100%        6


Dungeon Overview and Level Annotations

Branches:
Dungeon (9/15)             Temple (1/1) D:7            Lair (0/5) D:8
    Orc: D:9-12

Altars:
Cheibriados
Dithmenos
Fedhas
Gozag
Hepliaklqana
Kikubaaqudgha
Makhleb
Qazlal
Ru
Sif Muna
Trog
Vehumet
Wu Jian
Xom
Zin
The Shining One

Shops:
D:1 [?[   D:5 !   D:6 :

Portals:
Abyss: D:5

Annotations:
D:4 Robin
D:5 2 transporters, Fractals's ghost, novice MfMo


Message History

The six-headed hydra attacks as you move away!
The six-headed hydra bites you.
* * * LOW HITPOINT WARNING * * *
The six-headed hydra bites you but does no damage.
The six-headed hydra closely misses you. x2
The six-headed hydra bites you but does no damage.
The six-headed hydra bites you.
* * * LOW HITPOINT WARNING * * *
Okay, then.
You feel much better.
The six-headed hydra bites you but does no damage.
The six-headed hydra barely misses you.
The six-headed hydra closely misses you.
The six-headed hydra bites you!
* * * LOW HITPOINT WARNING * * *
The six-headed hydra barely misses you. The six-headed hydra bites you.
* * * LOW HITPOINT WARNING * * *
You feel much better.
You block the six-headed hydra's attack. x2
The six-headed hydra bites you but does no damage.
The six-headed hydra completely misses you.
The six-headed hydra closely misses you.
The six-headed hydra bites you!
* * * LOW HITPOINT WARNING * * *
As you read the scroll labelled SEUSIA GOACH, it crumbles to dust.
The scroll dissolves into smoke.
It was a scroll of fog.
The six-headed hydra bites you.
* * * LOW HITPOINT WARNING * * *
The six-headed hydra bites you but does no damage.
The six-headed hydra bites you.
* * * LOW HITPOINT WARNING * * *
The six-headed hydra bites you!
* * * LOW HITPOINT WARNING * * *
The six-headed hydra completely misses you.
The six-headed hydra closely misses you.
Unknown command.
Unknown command.
The six-headed hydra attacks as you move away!
The six-headed hydra bites you.
You die...

...............# .
...............# #.
#.......)......# #..
#............## ##..#
##...........# #.... ###
##.........####### ....#
###.## ##..§§§§y#....... ..
##....##
#..§§§§§....#####.....
#......###...§@D#..###...
.....
#.......##...#§##y.#?...
####. #........#...####.##...
## ##............# #.#...# #
#.............# ##.#...# .# #
#.............###..#...#.)..
#
#.............##...#......=..
..
#...............#....#..#..|.
.. #..........#...###...#..#
... .


You could see a six-headed hydra and a vampire mosquito.

Vanquished Creatures
  Pikel (D:9)
  A troll (D:8)
  Grinder (D:6)
  3 yaks (D:9)
  4 steam dragons
  2 water moccasins (D:7)
  Duvessa (D:4)
  A sky beast (D:7)
  A black bear (D:4)
  An orc warrior (D:8)
  2 ice beasts
  3 ogres
  4 wolves (D:8)
  2 centaurs
  A lemure (D:9)
  3 phantoms
  A kobold brigand (D:7)
  Blork the orc (D:6)
  A scorpion (D:7)
  9 wights
  Dowan (D:4)
  8 killer bees (D:8)
  3 electric eels (D:8)
  A howler monkey (D:4)
  2 jellies
  5 hounds
  2 orc priests (D:6)
  A gnoll bouda (D:8)
  3 iguanas
  7 orc wizards
  7 gnolls
  5 adders
  A white imp (D:7)
  A dart slug (D:1)
  17 orcs
  8 bats
  7 endoplasms
  2 giant cockroaches
  13 goblins
  7 hobgoblins
  5 quokkas
  6 ball pythons
  2 frilled lizards
  9 kobolds
  8 rats
174 creatures vanquished.

Vanquished Creatures (others)
  2 orcs
2 creatures vanquished.

Grand Total: 176 creatures vanquished

Notes
Turn   | Place    | Note
-------+----------+-------------------------------------------
     0 | D:1      | seaoflcl the Human Fighter began the quest for the Orb.
     0 | D:1      | Reached XP level 1. HP: 18/18 MP: 1/1
    48 | D:1      | Found Exziqut's Antique Armour Emporium.
    56 | D:1      | Reached XP level 2. HP: 24/24 MP: 2/2
   277 | D:1      | Found Xaefezye's Magic Scroll Boutique.
   284 | D:1      | Bought a scroll of identify for 24 gold pieces
   301 | D:1      | Found Olyzeir's Antique Armour Shoppe.
   321 | D:1      | Found Seseho's General Store.
   377 | D:1      | Reached XP level 3. HP: 29/29 MP: 3/3
   756 | D:2      | Reached XP level 4. HP: 35/35 MP: 4/4
  1800 | D:3      | Identified the +7 trident "Lafum" {protect, rElec rCorr
                  | Int+2}
  2256 | D:4      | Reached skill level 1 in Polearms
  2256 | D:4      | Reached XP level 5. HP: 40/41 MP: 5/5
  2287 | D:4      | Noticed an ice beast
  2296 | D:4      | Killed an ice beast
  2297 | D:4      | Reached skill level 2 in Polearms
  2297 | D:4      | Reached XP level 6. HP: 39/47 MP: 6/6
  2330 | D:4      | Noticed an ogre
  2346 | D:5      | Entered Level 5 of the Dungeon
  2349 | D:5      | Found a transporter.
  2360 | D:5      | Reached skill level 3 in Polearms
  2579 | D:5      | Found a transporter.
  2579 | D:5      | Noticed a small abomination
  2582 | D:5      | Noticed Fractals's ghost (novice MfMo)
  2638 | D:5      | Reached XP level 7. HP: 41/52 MP: 7/7
  2803 | D:5      | Found Vuruar's Distillery.
  2831 | D:5      | Found a one-way gate to the infinite horrors of the Abyss.
  2895 | D:4      | Reached skill level 4 in Polearms
  2934 | D:4      | Noticed Dowan
  2953 | D:4      | Noticed Duvessa
  2970 | D:4      | Killed Duvessa
  2971 | D:4      | Reached skill level 5 in Armour
  2971 | D:4      | Reached skill level 5 in Shields
  2991 | D:4      | Killed Dowan
  2992 | D:4      | Reached XP level 8. HP: 50/58 MP: 8/8
  3038 | D:4      | Reached skill level 5 in Polearms
  3208 | D:4      | Noticed Robin
  3559 | D:6      | Noticed Blork the orc
  3565 | D:6      | Killed Blork the orc
  3570 | D:6      | Reached skill level 6 in Polearms
  3703 | D:6      | Noticed Grinder
  3720 | D:6      | Killed Grinder
  3721 | D:6      | Reached XP level 9. HP: 42/63 MP: 9/9
  3863 | D:6      | Found Zylash's Book Shoppe.
  4004 | D:6      | Found a hazy altar of Hepliaklqana.
  4081 | D:6      | Identified the +3 leather armour of Supple Strength {rElec
                  | rCorr SInv}
  4255 | D:7      | Reached skill level 7 in Polearms
  4369 | D:7      | Found a staircase to the Ecumenical Temple.
  4385 | Temple   | Entered the Ecumenical Temple
  4436 | Temple   | Became a worshipper of Zin the Law-Giver
  4436 | Temple   | Reached * piety under Zin
  4497 | D:7      | Found a stormy altar of Qazlal.
  4631 | D:7      | Reached skill level 8 in Polearms
  5288 | D:8      | Reached XP level 10. HP: 47/69 MP: 10/10
  5369 | D:8      | Found a staircase to the Lair.
  5470 | D:8      | Reached skill level 9 in Polearms
  5938 | D:8      | Reached ** piety under Zin
  6015 | D:8      | Found a radiant altar of Vehumet.
  6201 | D:8      | Found an ancient bone altar of Kikubaaqudgha.
  6456 | D:8      | Reached skill level 1 in Invocations
  6846 | D:8      | Reached skill level 10 in Polearms
  7181 | D:9      | Noticed Pikel
  7196 | D:9      | Killed Pikel
  7404 | D:9      | Noticed a two-headed ogre
  7638 | D:9      | Reached XP level 11. HP: 57/75 MP: 13/13
  7699 | D:9      | Noticed a six-headed hydra
  7699 | D:9      | Noticed a wizard
  7701 | D:9      | Noticed a cyclops
  7724 | D:9      | HP: 3/75 [six-headed hydra (11)]
  7726 | D:9      | Slain by a six-headed hydra

Illustrated notes

Levels and vault maps discovered:
D:1:      minmay_arrival_glassed_features, layout_basic, serial_shops, shop,
          nicolae_shop_tiny_real_fake_doors, nicolae_shop_tiny_waterfront,
          nicolae_shop_waterfront
D:2:      layout_loops_cross, serial_bayou_pond_b
D:3:      layout_basic, serial_glass, glass_columns_a, glass_columns_a
D:4:      layout_rooms, serial_shops, nicolae_shop_tiny_real_fake_doors,
          hangedman_decor_slide_cut, minmay_shop_enchanted_jewellery,
          uniq_robin, uniq_duvessa
D:5:      layout_rooms, serial_shops, nicolae_shop_tiny_real_fake_doors,
          gammafunk_ghost_abyssal_escape, grunt_ministairs_14
D:6:      layout_loops_ring, worldfamousw_hep_ancestral_shrine, serial_shops,
          shop, uniq_blork_the_orc, uniq_grinder
D:7:      layout_basic, nicolae_overflow_crystal_walls, minmay_temple_entry_tees
D:8:      layout_loops_corners, mainiacjoe_overflow_cross_hatched,
          kiku_gazebo_garden_becter, erik_lair_island
D:9:      layout_cave_pods, ebering_ghost_reflecting_pool, minmay_radiant,
          uniq_pikel
Temple:   regret_index_temple_chain_breaker

Skill      XL: |  1  2  3  4  5  6  7  8  9 10 |
---------------+-------------------------------+-----
Long Blades    | 3 |  3.3
Polearms       | 1 2 3 4 6 8 10 | 10.5
Armour         | 4 5 6 7 8 |  8.3
Shields        | 4 5 6 7 8 |  8.3
Invocations    | 2 |  2.8
Fighting       | |  3.0

Action                     |  1- 3 |  4- 6 |  7- 9 | 10-12 || total
---------------------------+-------+-------+-------+-------++-------
  Melee: Long sword        |    92 |    55 |       |       ||   147
         Trident           |       |    59 |   235 |   195 ||   489
         Rapier            |       |     5 |       |       ||     5
  Throw: Javelin           |       |       |     3 |       ||     3
 Invoke: Recite            |       |       |       |     3 ||     3
         Vitalisation      |       |       |       |     2 ||     2
    Use: Scroll            |       |       |    10 |     3 ||    13
         Potion            |       |       |     5 |     4 ||     9
   Stab: Distracted        |       |       |     1 |       ||     1
 Armour: Scale mail        |    45 |       |       |       ||    45
         Chain mail        |    30 |    90 |   145 |   115 ||   380
  Dodge: Dodged            |    37 |    40 |    73 |    72 ||   222
  Block: Buckler           |    24 |    25 |    53 |    42 ||   144
